 Dungeon Crawl Stone Soup version 0.30-a0-509-gd016549fea (webtiles) character file.

Game seed: 2063072612454396084

25440 Armakuni the Destroyer (level 13, -2/91 HPs)
             Began as a Human Wanderer on Dec 22, 2022.
             Was a Priest of Vehumet.
             Slain by a seven-headed hydra (4 damage)
             ... on level 3 of the Lair of Beasts.
             The game lasted 00:58:34 (16646 turns).

Armakuni the Destroyer (Human Wanderer)            Turns: 16646, Time: 00:58:35

Health: -2/91      AC: 12    Str: 15    XL:     13   Next: 50%
Magic:  18/36      EV: 12    Int: 18    God:    Vehumet [***...]
Gold:   284        SH:  4    Dex: 10    Spells: 14/32 levels left

rFire   + + .      SeeInvis +    a - staff of fire
rCold   + . .      Faith    .    q - +0 buckler
rNeg    + . .      Spirit   .    H - +0 troll leather armour
rPois   .          Reflect  .    i - +2 hat {Will+}
rElec   .          Harm     .    O - scarf {rC+ rF+}
rCorr   .          Rampage  .    w - +2 pair of gloves
Will    ++++.      Clarity  +    M - +1 pair of boots {Stlth+}
Stlth   ++........               W - amulet of the Four Winds {rN+ Will+++ Clar}
HPRegen 1.15/turn                I - ring of see invisible
MPRegen 0.25/turn                P - ring of magical power

@: no status effects
A: no striking features
a: Renounce Religion


You were on level 3 of the Lair of Beasts.
You worshipped Vehumet.
Vehumet was most pleased with you.
You visited 3 branches of the dungeon, and saw 15 of its levels.
You also visited: Sewer.

You collected 1037 gold pieces.
You spent 753 gold pieces at shops.

Inventory:

Hand Weapons
 b - a +3 quarterstaff of protection
Missiles
 o - 15 boomerangs
 x - 3 throwing nets
 Q - 4 curare-tipped darts
Armour
 c - a +1 chain mail of willpower
 i - a +2 hat of willpower (worn)
 q - a +0 buckler (worn)
 w - a +2 pair of gloves (worn)
 H - a +0 troll leather armour (worn)
 M - a +1 pair of boots of stealth (worn)
 O - a scarf of resistance (worn)
Magical Staves
 a - a staff of fire (weapon)
 l - a staff of poison
Jewellery
 I - a ring of see invisible (left hand)
 P - a ring of magical power (right hand)
 W - the amulet of the Four Winds (around neck) {rN+ Will+++ Clar}
   (You found it on level 4 of the Dungeon)

   [amulet of nothing]

   rN:        It protects you from negative energy.
   Clar:      It protects you against confusion.
   Will:      It greatly increases your willpower.
Wands
 k - a wand of digging (9)
 u - a wand of polymorph (7)
 v - a wand of flame (11)
 F - a wand of paralysis (3)
Scrolls
 d - 3 scrolls of fog
 g - 4 scrolls of poison
 h - a scroll of blinking
 p - a scroll of fear
 r - 7 scrolls of teleportation
 y - a scroll of butterflies
 A - a scroll of enchant weapon
 C - a scroll of silence
 D - 4 scrolls of magic mapping
 J - 3 scrolls of vulnerability
 L - a scroll of noise
 N - 2 scrolls of identify
Potions
 e - 2 potions of brilliance
 f - a potion of mutation
 j - 5 potions of magic
 m - 3 potions of curing
 n - 3 potions of might
 s - 2 potions of berserk rage
 t - a potion of ambrosia
 z - 3 potions of flight {unknown}
 B - a potion of cancellation {unknown}
 E - 5 potions of heal wounds {unknown}
 G - 3 potions of haste
 K - a potion of lignification {unknown}


   Skills:
 - Level 5.0 Fighting
 - Level 5.0 Armour
 - Level 5.0 Dodging
 + Level 4.2 Shields
 - Level 10.0 Spellcasting
 - Level 10.2 Conjurations
 - Level 2.1 Translocations
 - Level 10.2 Fire Magic
 + Level 9.5 Evocations


You had 14 spell levels left.
You knew the following spells:

 Your Spells              Type           Power      Damage    Failure   Level
a - Apportation           Tloc           32%        N/A       5%          1
e - Inner Flame           Hex/Fire       41%        N/A       1%          3
i - Irradiate             Conj/Tmut      13%        3d16      11%         5
s - Sticky Flame          Conj/Fire      62%        2d8       1%          4
w - Flame Wave            Conj/Fire      62%        2d14      1%          4
z - Foxfire               Conj/Fire      100%       2x1d9     1%          1

Your spell library contained the following spells:

 Spells                   Type           Power      Damage    Failure   Level
 Sublimation of Blood     Necr           9%         N/A       19%         2
 Vhi's Electric Charge    Tloc/Air       24%        N/A       24%         3
 Tukima's Dance           Hex            9%         N/A       36%         3
 Passage of Golubria      Tloc           16%        N/A       45%         4
 Yara's Violent Unravell  Hex/Tmut       4%         3d4       61%         5
 Petrify                  Tmut/Erth      9%         N/A       77%         4


Dungeon Overview and Level Annotations

Branches:
Dungeon (11/15)            Temple (1/1) D:4            Lair (3/5) D:8
 Shoals (0/4) Lair:3        Snake (0/4) Lair:2          Orc (0/2) D:11
  Sewer (visited)

Altars:
Ashenzari
Cheibriados
Dithmenos
Elyvilon
Fedhas
Gozag
Hepliaklqana
Kikubaaqudgha
Makhleb
Nemelex Xobeh
Okawaru
Qazlal
Ru
Sif Muna
Trog
Uskayaw
Vehumet
Wu Jian
Xom
Yredelemnul
Zin
The Shining One

Shops:
D:5 [   D:10 *

Annotations:
D:3 Sigmund


Message History

The seven-headed hydra is filled with an intense inner flame!
The seven-headed hydra bites you. The seven-headed hydra bites you!
You block the seven-headed hydra's attack.
The seven-headed hydra bites you! The seven-headed hydra bites you.
The seven-headed hydra barely misses you.
The seven-headed hydra bites you but does no damage.
Casting: Inner Flame (safe; 1% risk of failure)
Confirm with . or Enter, or press ? or * to list all spells.
Aiming: Sticky Flame (mildly dangerous; 1% risk of failure)
Press: ? - help, Shift-Dir - straight line, f/p - seven-headed hydra
Aim: a seven-headed hydra (moderately wounded, inner flame)
You feel a surge of power!
The sticky flame hits the seven-headed hydra!
Flame seeps out of the seven-headed hydra.
The seven-headed hydra is moderately wounded.
The seven-headed hydra is covered in liquid flames!
The seven-headed hydra burns!
Flame seeps out of the seven-headed hydra.
The seven-headed hydra is engulfed in blazing flames.
Flame seeps out of the seven-headed hydra.
The seven-headed hydra bites you!
* * * LOW HITPOINT WARNING * * *
You block the seven-headed hydra's attack.
The seven-headed hydra bites you.
* * * LOW HITPOINT WARNING * * *
The seven-headed hydra bites you.
* * * LOW HITPOINT WARNING * * *
The seven-headed hydra barely misses you.
The seven-headed hydra bites you but does no damage.
The seven-headed hydra barely misses you.
The seven-headed hydra attacks as you move away!
The seven-headed hydra bites you!
* * * LOW HITPOINT WARNING * * *
The seven-headed hydra bites you.
* * * LOW HITPOINT WARNING * * *
The seven-headed hydra misses you.
You block the seven-headed hydra's attack.
The seven-headed hydra closely misses you.
The seven-headed hydra bites you.
You die...

##....).......
##............
#.............
#.............
##............
#.....#P#PP..
###.##
##.....#####..
#...#.#####.......#
......^.........@##
...............D.#
..>...#.#.P#.#+†.#
....D............##
...........H......#
..>..............##
...............#.P#
.................##
......P.#...#.#..#


You could see a seven-headed hydra (inner flame, burning).

Vanquished Creatures
  Harold (Lair:2)
  Erolcha (D:9)
  2 boulder beetles
  A two-headed ogre (D:11)
  Nergalle (Lair:2)
  Pikel (D:6)
  A manticore (Lair:3)
  A black mamba (Lair:1)
  6 elephants (Lair:2)
  An unseen horror (D:10)
  6 cane toads
  A kobold demonologist (D:11)
  3 komodo dragons
  2 rime drakes
  3 trolls
  A wind drake (Lair:3)
  3 hornets
  5 blink frogs (Lair:1)
  A vampire (D:11)
  21 yaks
  5 wyverns
  2 basilisks
  Grum (D:8)
  Eustachio (D:6)
  A redback (shapeshifter) (D:11)
  3 steam dragons
  3 nagas (Lair:2)
  An acid dragon (D:11)
  9 water moccasins
  4 orc warriors
  3 black bears
  8 wolves
  5 ogres
  8 centaurs
  3 phantoms
  12 bullfrogs
  2 kobold brigands
  10 necrophages
  8 wights
  4 killer bees (D:9)
  An electric eel (Lair:1)
  5 howler monkeys
  4 bullfrog zombies (D:5)
  2 jellies
  10 orc priests
  A gnoll bouda (D:10)
  3 hounds
  Crazy Yiuf (D:4)
  2 centaur zombies
  A human zombie (D:5)
  3 iguanas
  11 orc wizards
  A scorpion zombie (D:5)
  2 mummies (D:5)
  A hound zombie (D:5)
  15 gnolls
  8 adders
  A shadow imp (D:7)
  4 white imps
  3 ufetubi
  3 worms
  3 dart slugs
  42 orcs
  15 endoplasms
  10 giant cockroaches
  8 goblins
  7 hobgoblins
  14 jackals
  12 kobolds
  6 quokkas
  19 ball pythons
  3 bats (D:1)
  10 frilled lizards
  7 rats
  A spectral kobold (D:4)
394 creatures vanquished.

Vanquished Creatures (others)
  3 bushes (D:8)
  527 foxfires
  12 fungi
  45 plants
  4 toadstools (D:1)
591 creatures vanquished.

Grand Total: 985 creatures vanquished

Notes
Turn   | Place    | Note
-------+----------+-------------------------------------------
     0 | D:1      | Armakuni the Human Wanderer began the quest for the Orb.
     0 | D:1      | Armakuni set off with the following items: a +0 club, a
                  | potion of attraction, a +0 robe, a scroll of fog; and the
                  | following spells available to memorise: Apportation,
                  | Foxfire, Vhi's Electric Charge, Flame Wave, Sticky Flame.
     0 | D:1      | Reached XP level 1. HP: 16/16 MP: 3/3
     7 | D:1      | Learned a level 1 spell: Foxfire
   177 | D:2      | Reached XP level 2. HP: 22/22 MP: 3/5
   306 | D:2      | Reached skill level 1 in Conjurations
   368 | D:2      | Reached XP level 3. HP: 24/27 MP: 3/6
  1072 | D:1      | Reached XP level 4. HP: 19/33 MP: 2/7
  1236 | D:1      | Learned a level 4 spell: Sticky Flame
  2744 | D:3      | Reached XP level 5. HP: 38/38 MP: 6/8
  2954 | D:3      | Found a glowing drain.
  2959 | Sewer    | Entered a sewer
  3028 | Sewer    | Reached XP level 6. HP: 44/44 MP: 7/9
  3620 | D:3      | Reached XP level 7. HP: 46/50 MP: 6/10
  3864 | D:3      | Reached skill level 5 in Conjurations
  3891 | D:3      | Reached skill level 5 in Fire Magic
  3971 | D:3      | Noticed Sigmund
  4587 | D:4      | Found a stormy altar of Qazlal.
  4608 | D:4      | Found a runed translucent door.
  4609 | D:4      | Noticed Crazy Yiuf
  4669 | D:4      | Found a hazy altar of Hepliaklqana.
  4670 | D:4      | Found the amulet of the Four Winds {rN+ Will+++ Clar}
  4707 | D:4      | Found a glowing silver altar of Zin.
  5090 | D:4      | Found a staircase to the Ecumenical Temple.
  5100 | Temple   | Entered the Ecumenical Temple
  5296 | D:4      | Reached XP level 8. HP: 46/56 MP: 7/11
  5347 | D:4      | Learned a level 1 spell: Apportation
  5352 | D:4      | Learned a level 4 spell: Flame Wave
  5460 | D:4      | Killed Crazy Yiuf
  5517 | D:5      | Entered Level 5 of the Dungeon
  5517 | D:5      | Found Ycailal's Antique Armour Shoppe.
  5619 | D:5      | Bought a fine ring mail for 297 gold pieces
  5619 | D:5      | Identified the +1 ring mail of the Tundras {Str+3} (You
                  | bought it in a shop on level 5 of the Dungeon)
  6372 | D:5      | Found a basalt altar of Yredelemnul.
  6435 | D:5      | Reached XP level 9. HP: 43/61 MP: 11/15
  6687 | D:5      | Reached skill level 5 in Spellcasting
  7849 | D:6      | Noticed Eustachio
  7855 | D:6      | Killed Eustachio
  8022 | D:6      | Noticed Pikel
  8031 | D:6      | Killed Pikel
  8277 | D:7      | Reached XP level 10. HP: 60/67 MP: 11/19
  8845 | D:7      | Found a shadowy altar of Dithmenos.
  9178 | Temple   | Became a worshipper of Vehumet
  9696 | D:8      | Found a staircase to the Lair.
  9701 | Lair:1   | Entered Level 1 of the Lair of Beasts
  9746 | Lair:1   | Noticed a komodo dragon
  9755 | Lair:1   | Killed a komodo dragon
 10025 | Lair:1   | Noticed a komodo dragon
 10040 | Lair:1   | Killed a komodo dragon
 10093 | Lair:1   | Noticed a black mamba
 10094 | Lair:1   | Noticed a rime drake
 10102 | Lair:1   | Killed a black mamba
 10103 | Lair:1   | Reached skill level 10 in Conjurations
 10103 | Lair:1   | Reached skill level 10 in Fire Magic
 10105 | Lair:1   | Killed a rime drake
 10106 | Lair:1   | Reached XP level 11. HP: 28/72 MP: 2/21
 10805 | D:8      | Reached * piety under Vehumet
 10805 | D:8      | Offered knowledge of Shock by Vehumet.
 10846 | D:8      | Noticed Grum
 10855 | D:8      | Killed Grum
 11169 | D:8      | Reached skill level 1 in Armour
 11247 | D:8      | Found a blossoming altar of Fedhas.
 11656 | D:9      | Found a sparkling altar of Nemelex Xobeh.
 11698 | D:9      | Noticed Erolcha
 11713 | D:9      | Killed Erolcha
 11714 | D:9      | Reached skill level 5 in Armour
 11868 | D:9      | Found a shimmering blue altar of Sif Muna.
 11959 | D:9      | Offered knowledge of Freeze by Vehumet.
 11964 | D:9      | Reached ** piety under Vehumet
 12536 | D:10     | Entered Level 10 of the Dungeon
 12624 | D:10     | Reached skill level 5 in Dodging
 13029 | D:10     | Reached XP level 12. HP: 83/83 MP: 17/24
 13132 | D:10     | Reached skill level 5 in Fighting
 13133 | D:10     | Reached skill level 1 in Shields
 13373 | D:10     | Found Bugh's Assorted Antiques.
 13379 | D:10     | Bought a glowing yellow potion for 22 gold pieces
 13379 | D:10     | Bought a pair of embroidered gloves for 187 gold pieces
 13528 | D:5      | Bought a pair of embroidered boots for 247 gold pieces
 13874 | D:11     | Noticed a boulder beetle
 13897 | D:11     | Killed a boulder beetle
 13900 | D:11     | Noticed a boulder beetle
 13907 | D:11     | Found a staircase to the Orcish Mines.
 14018 | D:11     | Offered knowledge of Hailstorm by Vehumet.
 14232 | D:11     | Noticed a two-headed ogre
 14244 | D:11     | Killed a two-headed ogre
 14367 | D:11     | Noticed a centaur warrior
 14614 | Lair:1   | Reached skill level 10 in Spellcasting
 14759 | Lair:1   | Reached *** piety under Vehumet
 14837 | Lair:1   | Learned a level 5 spell: Irradiate
 14909 | Lair:1   | Reached skill level 1 in Evocations
 15422 | Lair:2   | Noticed a boulder beetle
 15423 | Lair:2   | Noticed Harold
 15449 | Lair:1   | Killed a boulder beetle
 15516 | Lair:2   | Noticed Nergalle
 15526 | Lair:2   | Killed Nergalle
 15527 | Lair:2   | Reached skill level 5 in Evocations
 15527 | Lair:2   | Reached XP level 13. HP: 72/91 MP: 27/27
 15718 | Lair:2   | Found a staircase to the Snake Pit.
 15834 | Lair:2   | Killed Harold
 15972 | Lair:2   | Offered knowledge of Inner Flame by Vehumet.
 15984 | Lair:2   | Learned a level 3 spell: Inner Flame
 16282 | Lair:2   | Noticed Sonja
 16284 | Lair:2   | Sonja changed into Sonja the worm
 16284 | Lair:2   | Noticed Sonja
 16291 | Lair:2   | Killed Sonja the worm
 16624 | Lair:3   | Found a staircase to the Shoals.
 16626 | Lair:3   | Noticed a seven-headed hydra
 16646 | Lair:3   | HP: 2/91 [seven-headed hydra (3)]
 16646 | Lair:3   | Slain by a seven-headed hydra

Illustrated notes

Levels and vault maps discovered:
D:1:      doesnt_arrival_eight_statues, layout_loops_ring,
          minmay_gold_behind_fungi
D:2:      layout_loops_corners
D:3:      layout_basic, portal_sewer_entry_e, glass_columns_b, uniq_sigmund
D:4:      layout_rooms, nicolae_hepliaklqana_monster_ancestors,
          mainiacjoe_overflow_large_starburst,
          minmay_temple_entry_drinking_statues, uniq_crazy_yiuf_cottage
D:5:      layout_basic, lemuel_mausoleum_altar_yredelemnul, serial_shops, shop
D:6:      layout_basic, uniq_eustachio, uniq_pikel
D:7:      layout_basic, grunt_dithmenos_smoke, minmay_misc_feat_five,
          hangedman_decor_push, sigmund_army
D:8:      layout_loops_cross, fedhas_altar_decomposition, lair_entry_dummy,
          uniq_grum
D:9:      layout_roguey, lemuel_round_altar, nemelex_altar_shiori, uniq_erolcha
D:10:     layout_cave_pools, serial_shops, kennysheep_little_box
D:11:     minmay_the_grid_triangle_9x9_rhombus_full_mashed
          [minmay_the_grid_triangle_9x9_flanged_cone,
          minmay_the_grid_triangle_9x9_intruding_spiral,
          minmay_the_grid_triangle_9x9_odd_lines,
          minmay_the_grid_triangle_9x9_windchime,
          minmay_the_grid_triangle_9x9_empty,
          minmay_the_grid_triangle_9x9_minimal,
          minmay_the_grid_triangle_9x9_descending_squares,
          minmay_the_grid_triangle_9x9_prize_insulated], layout_long_grid,
          amcnicky_mini_pool_medium
Temple:   eino_temple_lava
Lair:1:   layout_hall_layers, beast_lair_carwin_5, serial_bayou_shore_a,
          infiniplex_staircase_pool, grunt_megastairs_5
Lair:2:   layout_misc_corridors, guppyfry_snake_entry_garden, uniq_nergalle,
          uniq_sonja, uniq_harold
Lair:3:   layout_chaotic_city, minmay_shoals_entry_beasts, lemuel_fruit_fields

Skill      XL: |  1  2  3  4  5  6  7  8  9 10 11 12 13 |
---------------+----------------------------------------+-----
Conjurations   | 1 2 3 4 6 7 8 10 | 10.2
Fire Magic     | 4 6 7 8 10 | 10.2
Spellcasting   | 4 6 7 8 10 | 10.0
Armour         | 5 |  5.0
Dodging        | 5 |  5.0
Fighting       | 4 5 |  5.0
Shields        | 4 |  4.2
Evocations     | 5 9 |  9.5
Translocations | |  2.1

Action                   |  1- 3 |  4- 6 |  7- 9 | 10-12 | 13-15 || total
-------------------------+-------+-------+-------+-------+-------++-------
Melee: Club              |    31 |    12 |       |       |       ||    43
       Short sword       |       |    43 |   151 |   134 |       ||   328
       Punch             |       |       |     4 |     2 |     1 ||     7
       Spear             |       |       |     4 |       |       ||     4
       Staff             |       |       |       |     1 |    28 ||    29
       Quarterstaff      |       |       |       |    43 |    15 ||    58
 Cast: Foxfire           |    41 |    76 |   114 |    64 |       ||   295
       Sticky Flame      |       |       |    31 |    79 |    19 ||   129
       Flame Wave        |       |       |       |    37 |    10 ||    47
       Inner Flame       |       |       |       |       |     4 ||     4
Evoke: Wand              |       |       |       |    11 |     3 ||    14
  Use: Potion            |     1 |       |     2 |     1 |       ||     4
       Scroll            |     1 |     5 |     8 |    10 |       ||    24
 Stab: Distracted        |       |       |       |     1 |       ||     1
       Paralysed         |       |       |       |    16 |       ||    16
Armor: Robe              |    15 |    21 |    42 |    10 |       ||    88
       Steam dragon scal |       |       |       |    39 |       ||    39
       Ring mail         |       |       |       |    14 |       ||    14
       Troll leather arm |       |       |       |    46 |    40 ||    86
Dodge: Dodged            |    49 |    41 |   105 |   200 |    72 ||   467
Block: Buckler           |       |       |       |       |     5 ||     5

Table legend: (Time is in decaauts)
 A = Elapsed time spent in this place.
 B = Non-inter-level travel time spent in this place.
 C = Inter-level travel time spent in this place.
 D = Time resting spent in this place.
 E = Time spent auto-exploring this place.
 F = Levels seen in this place.
 G = Mean time per level.
                   A        B        C        D        E       F      G
               +--------+--------+--------+--------+--------+-----+--------+
         Total |  16769 |  15802 |    967 |   4788 |   7183 |  16 | 1048.1 |
       Dungeon |  13261 |  12382 |    879 |   3855 |   5859 |  11 | 1205.5 |
        Temple |    217 |    198 |     19 |    104 |     47 |   1 |  217.0 |
          Lair |   2732 |   2664 |     68 |    635 |   1225 |   3 |  910.7 |
         Sewer |    557 |    557 |      0 |    194 |     52 |   1 |  557.0 |
               +--------+--------+--------+--------+--------+-----+--------+

Top non-repeatable levels by time:
     D:5: 1812 daAuts
  Lair:1: 1566 daAuts
     D:3: 1552 daAuts
     D:2: 1530 daAuts
     D:8: 1321 daAuts
     D:9: 1265 daAuts
     D:7: 1242 daAuts
     D:6: 997 daAuts
     D:1: 994 daAuts
  Lair:2: 968 daAuts
    D:10: 968 daAuts
     D:4: 900 daAuts
    D:11: 677 daAuts
   Sewer: 557 daAuts
  Temple: 217 daAuts
